[Event "*** Titled Tuesday Blitz"]
[Site "Chess.com"]
[Date "2020.11.24"]
[Round "4"]
[White "Chigorinetz"]
[Black "sbouchet"]
[Result "1-0"]
[WhiteElo "2565"]
[BlackElo "2321"]
[TimeControl "180+1"]
[EndTime "10:53:47 PST"]
[Termination "Chigorinetz won by checkmate"]

1. e4 c5 2. Nc3 g6 3. h4 h5 4. Bc4 Nc6 5. d3 Bg7 6. Nf3 e6 7. Bg5 Nge7 8. e5 Nxe5 9. Ne4 Nxf3+ 10.
Qxf3 d5 11. Nf6+ Kf8 12. Bb3 b5 13. a4 b4 14. a5 Bb7 15. O-O Rc8 16. c4 bxc3 17.
bxc3 Ba8 18. Rfe1 c4 19. Ba4 Qd6 20. Bd7 Rd8 21. Bxe6 d4 22. Nd7+ Kg8 23. Qxf7+ Kh7 24. Nf6# 1-0

[Event "*** Titled Tuesday Blitz"]
[Site "Chess.com"]
[Date "2020.11.24"]
[Round "4"]
[White "Chamal_Gedgafov"]
[Black "GMaka"]
[Result "0-1"]
[WhiteElo "2175"]
[BlackElo "2425"]
[TimeControl "180+1"]
[EndTime "10:53:47 PST"]
[Termination "GMaka won by resignation"]

1. c4 e6 2. Nc3 Bb4 3. e3 f5 4. Nge2 Nf6 5. g3 O-O 6. Bg2 c6 7. d4 d5 8. O-O Bd7 9. a3 Bd6 10. b4 a6 11. Qc2 Be8 12. Bb2 Bh5 13. cxd5 cxd5 14. Rac1 Bxe2 15. Qxe2 Nbd7 16. Na4 Qe7 17.
Nc5 b5 18. f3 Nb6 19. e4 Nc4 20. Rfe1 Bxc5 21. dxc5 fxe4 22. fxe4 Nxe4 23. Bxe4 dxe4 24. Rxc4 bxc4 25. Qxc4 Qf7 26. Qd4 Rad8 27. Qe3 Rd3 28. Qe2 e3 29. Be5 Qf2+ 30. Kh1 Qxe2 31. Rxe2 Rd1+ 32. Kg2 Rd2 0-1

[Event "*** Titled Tuesday Blitz"]
[Site "Chess.com"]
[Date "2020.11.24"]
[Round "4"]
[White "Aleksey_Sorokin"]
[Black "Chesswizard_2007"]
[Result "0-1"]
[WhiteElo "2806"]
[BlackElo "2629"]
[TimeControl "180+1"]
[EndTime "10:53:50 PST"]
[Termination "Chesswizard_2007 won on time"]

1. d4 Nf6 2. c4 c5 3. d5 a6 4.
Nc3 b5 5. cxb5 axb5 6. Nxb5 e6 7. Nc3 exd5 8. Nxd5 Nxd5 9. Qxd5 Nc6 10. e3 Be7 11. Nf3 O-O 12. Bd3 Nb4 13. Qxa8 Nxd3+ 14. Kd2 Qb6 15. Qa4 Ba6 16. b3 Nxf2 17. Bb2 Qd6+ 18. Nd4 Nxh1 19. Rxh1 cxd4 20. Qxd4 Qg6 21. g3 Bf6 22.
Qd6 Bxb2 23. Qxg6 hxg6 24. e4 Be5 25. Rc1 Rc8 26. Rxc8+ Bxc8 27. a4 Kf8 28. b4 Ke7 29. b5 Kd6 30. a5 Kc5 31. a6 Kb6 32. a7 Kxa7 33. Ke3 Kb6 34. h4 Kxb5 35. h5 gxh5 36. g4 hxg4 0-1

[Event "*** Titled Tuesday Blitz"]
[Site "Chess.com"]
[Date "2020.11.24"]
[Round "4"]
[White "IMAghasiyevKamal"]
[Black "DoHoChess"]
[Result "1-0"]
[WhiteElo "2573"]
[BlackElo "2683"]
[TimeControl "180+1"]
[EndTime "10:53:50 PST"]
[Termination "IMAghasiyevKamal won by resignation"]

1. e4 e5 2. Nf3 Nc6 3. Bb5 a6 4. Ba4 b5 5. Bb3 Na5 6. O-O d6 7. d4 exd4 8. c3 Nxb3 9. axb3 dxc3 10. Nxc3 Bb7 11. Qe2 Be7 12. Bf4 Nf6 13. Rfd1 Qc8 14. e5 Bxf3 15. Qxf3 dxe5 16. Qc6+ Kf8 17. Bxe5 Qe8 18.
Qxc7 h5 19. Qb7 Ng4 20. Bd4 Rh6 21. h3 Nf6 22. Re1 Qd7 23. Qxa8+ 1-0

[Event "*** Titled Tuesday Blitz"]
[Site "Chess.com"]
[Date "2020.11.24"]
[Round "4"]
[White "enriquebutti"]
[Black "ashookk"]
[Result "0-1"]
[WhiteElo "1951"]
[BlackElo "2239"]
[TimeControl "180+1"]
[EndTime "10:53:52 PST"]
[Termination "ashookk won by resignation"]

1. d4 Nf6 2. Nf3 c5 3. e3 g6 4. Bd3 Bg7 5. O-O O-O 6. c3 d6 7. Nbd2 b6 8. Re1 Bb7 9. e4 cxd4 10. cxd4 Nc6 11. a3 e5 12. d5 Ne7 13. Nf1 h6 14. Ng3 a6 15. Bd2 Nd7 16. Bb4 Nc5 17. Bxc5 bxc5 18.
Nd2 f5 19. f3 f4 20. Ngf1 g5 21. Nc4 h5 22. h3 Bc8 23. Nh2 Ng6 24. Be2 Rf6 25. Qd2 Nf8 26. Qa5 Qe7 27. b4 cxb4 28. axb4 Qa7+ 29. Qb6 Nd7 30. Qxa7 Rxa7 31. Rec1 Bf8 32.
Nxd6 Bxd6 33. Rxc8+ Kg7 34. Rc6 Bxb4 35. Raxa6 Rxa6 36. Bxa6 Nc5 37. Rxf6 Kxf6 38. Kf2 Nxa6 0-1

[Event "*** Titled Tuesday Blitz"]
[Site "Chess.com"]
[Date "2020.11.24"]
[Round "4"]
[White "davidkalashian"]
[Black "GMJustin"]
[Result "1-0"]
[WhiteElo "2553"]
[BlackElo "2275"]
[TimeControl "180+1"]
[EndTime "10:53:53 PST"]
[Termination "davidkalashian won on time"]

1. d4 Nf6 2. c4 g6 3. Nc3 d5 4. Bf4 Bg7 5. e3 c5 6. dxc5 Qa5 7. Qa4+ Qxa4 8. Nxa4 Bd7 9. Nc3 Ne4 10. Nxd5 Na6 11. Rb1 Nexc5 12. b4 Bf5 13. Rd1 Ne6 14. a3 Nxf4 15.
exf4 e6 16. Ne3 Bc3+ 17. Ke2 O-O 18. g4 Be4 19. f3 1-0

[Event "*** Titled Tuesday Blitz"]
[Site "Chess.com"]
[Date "2020.11.24"]
[Round "4"]
[White "andrzej"]
[Black "BillCoe"]
[Result "1-0"]
[WhiteElo "2393"]
[BlackElo "2070"]
[TimeControl "180+1"]
[EndTime "10:53:53 PST"]
[Termination "andrzej won by resignation"]

1. e4 c5 2. Nf3 e6 3. d4 cxd4 4. Nxd4 a6 5. Nc3 Qc7 6. g3 Nf6 7. Bg2 Bb4 8. Bd2 O-O 9. O-O d6 10. Kh1 e5 11. Nf5 Bxf5 12. exf5 Nc6 13. g4 Bxc3 14.
Bxc3 d5 15. g5 Ne4 16. Bxe4 dxe4 17. Qg4 b5 18. Qxe4 b4 19. Bd2 Rad8 20. Be3 Rfe8 21. f6 Nd4 22. Rad1 Qxc2 23. Rxd4 Qxb2 24. Rxb4 Qxa2 25.
fxg7 a5 26. Rb7 Qe2 27. Rg1 Kxg7 28. Qf5 Rf8 29. g6 hxg6 30. Qxg6+ 1-0

[Event "*** Titled Tuesday Blitz"]
[Site "Chess.com"]
[Date "2020.11.24"]
[Round "4"]
[White "rududuyk"]
[Black "mapleaff"]
[Result "1-0"]
[WhiteElo "2182"]
[BlackElo "2403"]
[TimeControl "180+1"]
[EndTime "10:53:56 PST"]
[Termination "rududuyk won by resignation"]

1. e4 c5 2. Nc3 Nc6 3. f4 d6 4.
Nf3 Bg4 5. Bc4 e6 6. d3 Nd4 7. O-O Bxf3 8. gxf3 Ne7 9. f5 exf5 10. Bg5 h6 11.
Bh4 g5 12. Bf2 Bg7 13. f4 gxf4 14. Qh5 O-O 15. Bh4 Qd7 16. Rxf4 d5 17. Nxd5 Nxd5 18. Bxd5 Nxc2 19. Raf1 Ne3 20. Rxf5 Nxf1 21. Kxf1 Rae8 22. Bf6 Qd6 23. Qg4 Qxf6 24. Rxf6 Re5 25. Rf5 Rfe8 26. Bxf7+ Kh8 27. Bxe8 1-0

[Event "*** Titled Tuesday Blitz"]
[Site "Chess.com"]
[Date "2020.11.24"]
[Round "4"]
[White "zurzan"]
[Black "Julianos82"]
[Result "0-1"]
[WhiteElo "2079"]
[BlackElo "2320"]
[TimeControl "180+1"]
[EndTime "10:53:56 PST"]
[Termination "Julianos82 won on time"]

1. f4 e5 2. fxe5 Nc6 3. Nf3 g5 4.
d4 g4 5. Ng5 d6 6. exd6 Bxd6 7.
Ne4 Nxd4 8. Nxd6+ Qxd6 9. c3 Nf5 10. Qxd6 Nxd6 11. g3 Bf5 12. Bg2 Ne7 13. O-O Bg6 14. Bf4 O-O-O 15. Be5 Rhe8 16. Bf6 Rd7 17. Nd2 Nef5 18.
e4 Ne3 19. Rf2 Nxg2 20. Kxg2 Bxe4+ 21. Nxe4 Nxe4 22. Rf4 Rd2+ 23. Kg1 h5 24. Bd4 Ng5 0-1

[Event "*** Titled Tuesday Blitz"]
[Site "Chess.com"]
[Date "2020.11.24"]
[Round "4"]
[White "MaxLeto"]
[Black "dretch"]
[Result "0-1"]
[WhiteElo "2411"]
[BlackElo "2791"]
[TimeControl "180+1"]
[EndTime "10:53:57 PST"]
[Termination "dretch won on time"]

1. e4 e6 2. d4 d5 3. Nc3 Nf6 4.
e5 Nfd7 5. f4 c5 6. Nf3 Nc6 7. Ne2 cxd4 8. Nexd4 Bc5 9. c3 Nxd4 10.
Nxd4 Qe7 11. Be3 f6 12. exf6 Nxf6 13. Bb5+ Bd7 14. Qe2 O-O 15. Bd3 e5 16. fxe5 Qxe5 17. O-O-O Bg4 18. Qd2 Bxd1 19. Rxd1 Ne4 20. Qc2 Nxc3 21.
Bxh7+ Kh8 22. Qxc3 Kxh7 23. Kb1 Qe4+ 24. Ka1 Rac8 25.
Qd2 Bb6 26. g4 Rc4 27. Nf5 Rc2 28. Qe1 Rxf5 29. Bxb6 Qxe1 30. Rxe1 Re5 31. Rd1 axb6 0-1

[Event "*** Titled Tuesday Blitz"]
[Site "Chess.com"]
[Date "2020.11.24"]
[Round "4"]
[White "swimmerchess"]
[Black "Sebastian"]
[Result "0-1"]
[WhiteElo "2779"]
[BlackElo "2921"]
[TimeControl "180+1"]
[EndTime "10:53:59 PST"]
[Termination "Sebastian won by resignation"]

1. e4 c5 2. Nf3 d6 3. d4 cxd4 4. Nxd4 Nf6 5. Nc3 a6 6. Bg5 Nbd7 7. Bc4 Qb6 8. O-O Qc5 9. Bd5 e6 10. Re1 Ne5 11. f4 Be7 12. fxe5 dxe5 13. Be3 exd4 14. Bxd4 Qc7 15. Bb3 O-O 16. e5 Nd7 17. Kh1 b5 18. Qg4 Bb7 19. Bxe6 fxe6 20. Qxe6+ Rf7 21. Rf1 Rf8 22.
Rxf7 Rxf7 23. Rf1 Qc4 24. Qxc4 bxc4 25. Re1 Rf4 26. Kg1 Rxd4 0-1

[Event "*** Titled Tuesday Blitz"]
[Site "Chess.com"]
[Date "2020.11.24"]
[Round "4"]
[White "champ2005"]
[Black "German_Bazeev"]
[Result "1-0"]
[WhiteElo "3021"]
[BlackElo "2676"]
[TimeControl "180+1"]
[EndTime "10:54:00 PST"]
[Termination "champ2005 won by resignation"]

1. c4 e5 2. Nc3 d6 3. g3 f5 4. Bg2 Nf6 5. Nf3 Be7 6. O-O O-O 7. d3 c5 8. Rb1 Nc6 9. a3 a5 10. Ne1 Be6 11. Nc2 Qd7 12. b4 axb4 13. axb4 f4 14. bxc5 dxc5 15. gxf4 Bh3 16. Rxb7 Qg4 17.
Ne3 Qg6 18. f5 Qg5 19. Ncd5 Bd8 20. f4 exf4 21. Nxf4 Bxg2 22. Ne6 Qh5 23. Rxg7+ Kh8 24. Rxg2 Rf7 25. Bb2 Qh6 26. Ng4 1-0

[Event "*** Titled Tuesday Blitz"]
[Site "Chess.com"]
[Date "2020.11.24"]
[Round "4"]
[White "IrishMonkey"]
[Black "dosto07"]
[Result "1-0"]
[WhiteElo "2567"]
[BlackElo "2326"]
[TimeControl "180+1"]
[EndTime "10:54:02 PST"]
[Termination "IrishMonkey won by checkmate"]

1. Nf3 d5 2. d4 Nf6 3. c4 dxc4 4. Nc3 a6 5. e4 b5 6. e5 Nd5 7. a4 e6 8. axb5 Nb6 9. Be3 Bb7 10. bxa6 Rxa6 11.
Be2 Be7 12. Rxa6 Nxa6 13. O-O O-O 14. b3 cxb3 15. Qxb3 Nb4 16. Rc1 N4d5 17. Nxd5 Bxd5 18.
Qc2 c6 19. Ra1 Qb8 20. Ng5 Bxg5 21. Bxg5 h6 22. Be7 Re8 23. Bd6 Qc8 24. f4 Nd7 25. Ra7 Nf8 26. Qb1 Ng6 27. Bd3 Nxf4 28. Bh7+ Kh8 29.
Rxf7 Ne2+ 30. Kh1 Qa6 31. Bf8 Bxg2+ 32. Kxg2 Nf4+ 33. Kh1 Qe2 34. Bxg7# 1-0

[Event "*** Titled Tuesday Blitz"]
[Site "Chess.com"]
[Date "2020.11.24"]
[Round "4"]
[White "CakeinSpace2002"]
[Black "MarcoRiehle"]
[Result "0-1"]
[WhiteElo "2396"]
[BlackElo "2699"]
[TimeControl "180+1"]
[EndTime "10:54:02 PST"]
[Termination "MarcoRiehle won by resignation"]

1. c4 c5 2. Nc3 Nf6 3. g3 d5 4.
Bg2 d4 5. Ne4 Nxe4 6. Bxe4 f5 7.
Bg2 e5 8. d3 Nc6 9. Nf3 Bd6 10.
Bg5 Qc7 11. O-O O-O 12. Bd2 h6 13. Nh4 g5 14. Bd5+ Kh7 15. Ng2 Ne7 16. f4 Nxd5 17. cxd5 gxf4 18. gxf4 e4 19. dxe4 fxe4 20. e3 Rg8 21.
Kh1 Bg4 22. Qc2 Bf3 23. Rxf3 d3 24. Qc4 exf3 25. Qe4+ Kh8 26. Bc3+ Rg7 27. Nh4 f2 28. Nf5 Bf8 29. Qe6 Qb6 30. d6 Qc6+ 31. e4 Re8 32. Qxh6+ Kg8 33. Ng3 Rxe4 34. Kg2 Re6+ 0-1

[Event "*** Titled Tuesday Blitz"]
[Site "Chess.com"]
[Date "2020.11.24"]
[Round "4"]
[White "barbara25"]
[Black "Sergey85Rodchenkov"]
[Result "0-1"]
[WhiteElo "2250"]
[BlackElo "2451"]
[TimeControl "180+1"]
[EndTime "10:54:03 PST"]
[Termination "Sergey85Rodchenkov won by resignation"]

1. e4 c5 2. Nf3 d6 3. d4 cxd4 4.
Nxd4 Nf6 5. Nc3 a6 6. f3 e5 7. Nb3 Qb6 8. Qe2 Be6 9. Be3 Qc7 10. O-O-O Be7 11. Kb1 b5 12. g4 b4 13. Nd5 Bxd5 14.
exd5 Nbd7 15. g5 Nh5 16. Bh3 g6 17. Bg4 a5 18. Bxh5 gxh5 19. Nc1 a4 20. Bd2 Rb8 21. f4 a3 22. b3 exf4 23. Bxf4 Qc3 24. Nd3 Ne5 25.
Bxe5 dxe5 26. Qxe5 Qxe5 27. Nxe5 O-O 28. h4 Bd6 29.
Nc4 Bc5 30. Rhf1 Rbd8 31. c3 bxc3 32. Kc2 Rfe8 33. Kxc3 Re4 34. d6 Rxh4 35. Rf5 Rh3+ 36. Kc2 Bb4 37. Rb5 Rh2+ 38. Kc1 Bc3 39. d7 Rxa2 40.
Rc5 Ra1+ 41. Kc2 Rxd1 42. Nxa3 Bb4 0-1

[Event "*** Titled Tuesday Blitz"]
[Site "Chess.com"]
[Date "2020.11.24"]
[Round "4"]
[White "Andrii_Prydun"]
[Black "RestartingChess"]
[Result "0-1"]
[WhiteElo "2344"]
[BlackElo "2551"]
[TimeControl "180+1"]
[EndTime "10:54:04 PST"]
[Termination "RestartingChess won by resignation"]

1. d4 d5 2. Nc3 Nf6 3. Bf4 Bf5 4. e3 c6 5. Bd3 Bxd3 6. cxd3 e6 7. Nf3 Bd6 8. Bxd6 Qxd6 9. O-O Nbd7 10. Rb1 h6 11. b4 a6 12. a4 b5 13. a5 g5 14. Nd2 h5 15. e4 dxe4 16. Ndxe4 Qxd4 17. Qf3 Nxe4 18. Nxe4 g4 19. Qg3 f5 20. Ng5 e5 21. Ne6 f4 22. Ng7+ Kf7 23. Qh4 Kxg7 24. Qe7+ Kg6 25. Rbc1 Qd5 26. Rc3 Rae8 27. Qh4 Re6 28.
Rfc1 Nf6 29. h3 gxh3 30. Qxh3 Rg8 31. Rc5 Qd7 32. Rxc6 Rxc6 0-1

[Event "*** Titled Tuesday Blitz"]
[Site "Chess.com"]
[Date "2020.11.24"]
[Round "4"]
[White "Zhigalko_Sergei"]
[Black "ChronicUnhappiness"]
[Result "1-0"]
[WhiteElo "2886"]
[BlackElo "2365"]
[TimeControl "180+1"]
[EndTime "10:54:05 PST"]
[Termination "Zhigalko_Sergei won on time"]

1. e4 c5 2. Nf3 Nc6 3. c3 d5 4.
exd5 Qxd5 5. d4 Nf6 6. dxc5 Qxd1+ 7. Kxd1 e5 8. b4 Bg4 9. Nd2 Nd5 10. Bb2 O-O-O 11. h3 Bxf3+ 12. gxf3 g6 13. Kc2 f5 14. Nc4 Be7 15. Re1 Rhe8 16. Bc1 b5 17. cxb6 Nxb6 18. Nxb6+ axb6 19. Bb5 Kc7 20. Bxc6 Kxc6 21. Rxe5 Bh4 22. b5+ Kb7 23. Rxe8 Rxe8 24. Be3 Ra8 25. Kb3 Rd8 26. a4 Rd3 27. Kc2 Rd5 28. Rd1 Rxd1 29. Kxd1 Bf6 30.
Kc2 1-0

[Event "*** Titled Tuesday Blitz"]
[Site "Chess.com"]
[Date "2020.11.24"]
[Round "4"]
[White "AlexSuv"]
[Black "VinzentSpitzl"]
[Result "1/2-1/2"]
[WhiteElo "2519"]
[BlackElo "2369"]
[TimeControl "180+1"]
[EndTime "10:54:07 PST"]
[Termination "Game drawn by agreement"]

1. d4 d5 2. c4 e6 3. Nc3 Bb4 4. cxd5 exd5 5. Nf3 Nf6 6. Bg5 h6 7. Bxf6 Qxf6 8. e3 O-O 9. Be2 Bf5 10. O-O c6 11.
Ne5 Nd7 12. f4 Nxe5 13. fxe5 Qg6 14. Rf3 Be4 15. Rg3 Qf5 16. Nxe4 dxe4 17. Qb3 c5 18.
Rf1 Qe6 19. Bc4 Qe7 20. Bd5 cxd4 21. exd4 Rad8 22. a3 Ba5 23. Kh1 Bb6 24. Bxe4 Rxd4 1/2-1/2

[Event "*** Titled Tuesday Blitz"]
[Site "Chess.com"]
[Date "2020.11.24"]
[Round "4"]
[White "SchieberSpieler"]
[Black "CraiggoryC"]
[Result "0-1"]
[WhiteElo "2326"]
[BlackElo "2141"]
[TimeControl "180+1"]
[EndTime "10:54:07 PST"]
[Termination "CraiggoryC won by resignation"]

1. Nf3 Nf6 2. c4 g6 3. d4 Bg7 4.
g3 O-O 5. Bg2 c5 6. O-O d6 7.
dxc5 dxc5 8. Ne5 Nbd7 9. Nd3 Qc7 10. Nc3 a6 11. Qb3 Rb8 12. a4 b6 13. Bf4 e5 14.
Bg5 Bb7 15. e4 h6 16. Bd2 Ne8 17. Rac1 Nd6 18. Kh1 f5 19. exf5 Bxg2+ 20. Kxg2 gxf5 21. Nd5 Qb7 22. Kg1 e4 23. N3f4 Ne5 24. Ne6 Nf3+ 25. Kh1 Nxd2 26. Qc2 Nxf1 27. Nxf8 Rxf8 28. Rxf1 b5 29.
axb5 axb5 30. Nf4 Nxc4 31. b3 e3+ 32. f3 Nd2 33. Rd1 Qxf3+ 34. Ng2 e2 0-1

[Event "*** Titled Tuesday Blitz"]
[Site "Chess.com"]
[Date "2020.11.24"]
[Round "4"]
[White "Khnykin_Nikolay"]
[Black "anon569"]
[Result "1-0"]
[WhiteElo "2081"]
[BlackElo "2278"]
[TimeControl "180+1"]
[EndTime "10:54:08 PST"]
[Termination "Khnykin_Nikolay won by checkmate"]

1. e4 c5 2. d4 cxd4 3. c3 g6 4.
cxd4 d5 5. exd5 Nf6 6. Nc3 Bg7 7. Nf3 Nbd7 8. Bc4 O-O 9. O-O Nb6 10. Bb3 Nfxd5 11.
Re1 Bf5 12. Nxd5 Nxd5 13. Bxd5 Qxd5 14. Rxe7 Be6 15. Be3 Rac8 16. Rc1 Rxc1 17. Qxc1 Rd8 18. a3 Bf8 19. Rc7 Bd6 20. Rc3 Qh5 21. Bf4 Be7 22.
Rc7 Bf6 23. Rxb7 Bg4 24. Ne5 Rxd4 25. Rb8+ Kg7 26. Nxg4 Qxg4 27. Bh6# 1-0

[Event "*** Titled Tuesday Blitz"]
[Site "Chess.com"]
[Date "2020.11.24"]
[Round "4"]
[White "Das_Virus_2020"]
[Black "SpasKozhuharov"]
[Result "1/2-1/2"]
[WhiteElo "2504"]
[BlackElo "2675"]
[TimeControl "180+1"]
[EndTime "10:54:11 PST"]
[Termination "Game drawn by repetition"]

1. e4 c6 2. d4 d5 3. Nc3 dxe4 4.
Nxe4 Nd7 5. Nf3 Ngf6 6. Nxf6+ Nxf6 7. Bd3 Bg4 8. c3 Qd5 9. Be2 e6 10. Qb3 O-O-O 11. Qxd5 exd5 12. O-O Bd6 13. Bg5 Rde8 14. Rfe1 Ne4 15. Bh4 f6 16. Bg3 Nxg3 17. hxg3 Kc7 18.
Kf1 a5 19. Bd3 g6 20. a4 Kd7 21. Rxe8 Rxe8 22. Re1 Rxe1+ 23. Kxe1 b6 24. Kd2 c5 25. dxc5 bxc5 26. b3 Ke7 27. Bb5 g5 28. Bc6 Be6 29.
Ne1 h5 30. Nc2 f5 31. Ne3 d4 32. cxd4 cxd4 33. Nc4 Bxc4 34. bxc4 Kf6 35. Kd3 Ke5 36.
Be8 h4 37. gxh4 gxh4 38. Bh5 Bb4 39. Bd1 Be1 40. Ke2 Bb4 41. Kd3 Bc5 42. Bh5 Kf4 43. Bd1 Bb6 44. Bh5 Kg5 45. Bd1 Kf6 46. Bh5 Ke5 47. Bd1 Bc5 48. Bh5 Bb4 49. Bd1 1/2-1/2

[Event "*** Titled Tuesday Blitz"]
[Site "Chess.com"]
[Date "2020.11.24"]
[Round "4"]
[White "tlomigtlis"]
[Black "Kaua18"]
[Result "1-0"]
[WhiteElo "2580"]
[BlackElo "2352"]
[TimeControl "180+1"]
[EndTime "10:54:12 PST"]
[Termination "tlomigtlis won on time"]

1. d4 Nf6 2. c4 e6 3. Nc3 Bb4 4. Qc2 c5 5. dxc5 O-O 6. Nf3 Na6 7. a3 Bxc3+ 8. Qxc3 Nxc5 9. b4 Nce4 10. Qd4 d5 11. c5 Ng4 12. Be3 Re8 13. Rd1 e5 14. Qxd5 Nxe3 15. fxe3 Qxd5 16. Rxd5 f6 17. g3 Be6 18.
Rd1 Rad8 19. Rxd8 Rxd8 20. Bg2 Nc3 21. Nd2 b6 22. c6 f5 23. e4 g6 24. exf5 gxf5 25.
e4 f4 26. gxf4 exf4 27. e5 Rd3 28. Nf1 Bg4 29. h3 Bh5 30. Rg1 1-0

[Event "*** Titled Tuesday Blitz"]
[Site "Chess.com"]
[Date "2020.11.24"]
[Round "4"]
[White "IANOV0007"]
[Black "Fy_Rakotomaharo"]
[Result "1-0"]
[WhiteElo "2412"]
[BlackElo "2685"]
[TimeControl "180+1"]
[EndTime "10:54:13 PST"]
[Termination "IANOV0007 won by resignation"]

1. Nf3 Nf6 2. g3 c5 3. Bg2 Nc6 4. c4 d5 5. O-O e5 6. Qa4 Bd7 7. cxd5 Nxd5 8. Nxe5 Nxe5 9. Qe4 Bc6 10. Qxe5+ Be7 11.
Qxg7 Bf6 12. Qh6 Bg5 13. Qh5 h6 14. Nc3 Nb4 15. Bxc6+ Nxc6 16. d3 Be7 17. Be3 Nd4 18.
Bxd4 Qxd4 19. Qd5 Qxd5 20. Nxd5 Bd8 21. Rac1 b6 22. b4 cxb4 23. Nxb4 Kd7 24. Nd5 h5 25. h4 Rh6 26. e4 Rb8 27. a4 b5 28. axb5 Rxb5 29.
Ra1 a5 30. Rfb1 Rxb1+ 31. Rxb1 Rc6 32. Rb7+ Ke8 33. Ra7 Rc2 34. Kg2 Rd2 35. Nf4 Bb6 36.
Ra8+ Kd7 37. Nxh5 Rxf2+ 38. Kh3 Ra2 39. Nf4 a4 40. Nd5 Bc5 41. Ra5 Kc6 42. Nc3 Ra3 43. Nxa4 Bd4 44. Ra8 Kb7 45. Ra5 Kc6 46. h5 Bc3 47.
Rc5+ Kd6 48. Rc4 Rxa4 1-0

[Event "*** Titled Tuesday Blitz"]
[Site "Chess.com"]
[Date "2020.11.24"]
[Round "4"]
[White "kingofthenil"]
[Black "MrChampion_Coach"]
[Result "1-0"]
[WhiteElo "2764"]
[BlackElo "2513"]
[TimeControl "180+1"]
[EndTime "10:54:14 PST"]
[Termination "kingofthenil won by resignation"]

1. e4 c6 2. c4 d5 3. cxd5 cxd5 4. exd5 Nf6 5. Nc3 Nxd5 6. Nf3 Nc6 7. Bb5 e6 8. O-O Be7 9. d4 O-O 10. Re1 Bd7 11. a3 Nxc3 12. bxc3 Rc8 13. Bd3 Bf6 14. h4 a6 15. Ng5 g6 16. Qf3 Na5 17. Ne4 Bg7 18.
Bg5 f6 19. Be3 Bc6 20. Qg3 Bd5 21. h5 gxh5 22. Nc5 Kh8 23. Qh3 f5 24. Bf4 b6 25.
Nxe6 Bxe6 26. Rxe6 Rxc3 27. Bd2 Rb3 28. Bb4 Qxd4 29. Rd1 Rd8 30. Qxf5 Rxd3 31. Rxd3 Qxd3 32. Re8+ Rxe8 33. Qxd3 Nc6 34. Qd7 1-0

[Event "*** Titled Tuesday Blitz"]
[Site "Chess.com"]
[Date "2020.11.24"]
[Round "4"]
[White "onnoelgersma"]
[Black "halldorgretar"]
[Result "1-0"]
[WhiteElo "2398"]
[BlackElo "2159"]
[TimeControl "180+1"]
[EndTime "10:54:14 PST"]
[Termination "onnoelgersma won by resignation"]

1. c3 Nf6 2. Nf3 c5 3. d4 cxd4 4. cxd4 g6 5. Nc3 d5 6. Bf4 Bg7 7. e3 O-O 8. Be2 Nc6 9. O-O Bf5 10. Rc1 Rc8 11. Qd2 Qa5 12. a3 Rfe8 13. Ne5 Qd8 14. Bb5 Ne4 15. Nxe4 Nxe5 16. dxe5 dxe4 17. Rxc8 Bxc8 18.
Qc3 Rf8 19. Rc1 Bf5 20. h3 h5 21. Bh2 g5 22. Be2 g4 23. h4 e6 24. Bg3 f6 25.
Qc7 fxe5 26. Qxd8 Rxd8 27. Rc7 Rd2 28. Bc4 Rxb2 29. Rxg7+ Kf8 30. Bxe5 Rb1+ 31. Kh2 b5 32. Be2 Re1 33. Bxb5 1-0

[Event "*** Titled Tuesday Blitz"]
[Site "Chess.com"]
[Date "2020.11.24"]
[Round "4"]
[White "eightbyeightchess"]
[Black "TheCairnTerrier"]
[Result "1-0"]
[WhiteElo "2421"]
[BlackElo "2166"]
[TimeControl "180+1"]
[EndTime "10:54:18 PST"]
[Termination "eightbyeightchess won on time"]

1. e4 c5 2. Nf3 e6 3. d4 cxd4 4. Nxd4 Nf6 5. Nc3 d6 6. Bd3 Nc6 7. Nxc6 bxc6 8. O-O Be7 9. f4 e5 10. fxe5 dxe5 11. h3 O-O 12. Be3 Qa5 13. Qf3 Rb8 14. Rab1 Be6 15. a3 Rb7 16. Ne2 Rfb8 17. Ng3 Rxb2 18. Rxb2 Rxb2 19. Nf5 Bf8 20. Bg5 Nd7 21. Be7 f6 22. Bxf8 Kxf8 23. Qh5 Qb6+ 24. Kh1 Bxf5 25.
Qxf5 Qb7 26. Qxh7 Rb1 27. Qh8+ Ke7 28. Qxg7+ Kd6 29. Rxb1 Qxb1+ 30. Kh2 Qc1 31. h4 Qf4+ 32. Qg3 Qc1 33. h5 Qxa3 34. h6 Qc1 35. h7 Qh6+ 36. Qh3 Qf4+ 37. Kg1 Qc1+ 38. Bf1 1-0

[Event "*** Titled Tuesday Blitz"]
[Site "Chess.com"]
[Date "2020.11.24"]
[Round "4"]
[White "TheKingDoctor"]
[Black "dpopadic"]
[Result "0-1"]
[WhiteElo "2100"]
[BlackElo "2334"]
[TimeControl "180+1"]
[EndTime "10:54:19 PST"]
[Termination "dpopadic won by checkmate"]

1. d4 Nf6 2. Bg5 d5 3. Bxf6 gxf6 4. g3 c5 5. c3 Nc6 6. dxc5 e5 7. Bg2 Be6 8. b4 a5 9. Qd2 axb4 10. cxb4 b6 11. Nc3 bxc5 12. Bxd5 Nxb4 13. Bxa8 Qxa8 14. e4 h5 15. Nf3 Bh6 16. Qe2 Bh3 17. Rd1 O-O 18. Nh4 Bg4 19. f3 Be6 20. Nf5 Bxf5 21. exf5 Nc6 22.
O-O Nd4 23. Qe4 Qa7 24. Nd5 Kg7 25. Qh4 Bg5 26. Qxh5 Qb7 27. Nc3 Qb2 28. Ne4 Rh8 29. Qg4 Qxh2# 0-1

[Event "*** Titled Tuesday Blitz"]
[Site "Chess.com"]
[Date "2020.11.24"]
[Round "4"]
[White "JustKid"]
[Black "Zajdanek"]
[Result "1-0"]
[WhiteElo "2499"]
[BlackElo "2320"]
[TimeControl "180+1"]
[EndTime "10:54:20 PST"]
[Termination "JustKid won by checkmate"]

1. d4 Nf6 2. Bf4 d5 3. e3 b6 4.
Nf3 Bb7 5. Nbd2 e6 6. Bd3 Ne4 7. O-O Nd7 8. c4 f5 9. h3 Bd6 10. Bxd6 cxd6 11. cxd5 exd5 12. Qb3 Ndf6 13. a4 a5 14.
Bb5+ Kf7 15. Rac1 Rc8 16. Bd3 Qe7 17. Qxb6 Kg6 18. Nh4+ Kg5 19. Ndf3+ Kh5 20. Nxf5 Qd7 21. g4+ Nxg4 22. hxg4+ Kxg4 23. N3h4 Ng5 24. Be2+ Kh3 25. f4 g6 26. Rxc8 Bxc8 27. fxg5 gxf5 28. Nxf5 Rg8 29. Rf3+ Kg4 30. Nh6+ Kxg5 31. Nxg8 Qg4+ 32. Kf2 Qh4+ 33. Rg3+ Kf5 34. Bd3+ Ke6 35. Bf1 Qh2+ 36. Bg2 Qh4 37. Qc7 Bd7 38. Qb8 h5 39. Qf8 Bxa4 40. Bh3+ Qg4 41.
Rxg4 hxg4 42. Bxg4# 1-0

[Event "*** Titled Tuesday Blitz"]
[Site "Chess.com"]
[Date "2020.11.24"]
[Round "4"]
[White "Salem-AR"]
[Black "KaterinaMiroshnik"]
[Result "1-0"]
[WhiteElo "2901"]
[BlackElo "2525"]
[TimeControl "180+1"]
[EndTime "10:54:21 PST"]
[Termination "Salem-AR won by resignation"]

1. e4 d6 2. d4 Nf6 3. Bd3 e5 4. Nf3 Nbd7 5. O-O Be7 6. c4 O-O 7. Nc3 c6 8. Re1 b6 9. d5 c5 10. Nd2 Re8 11. a3 Nf8 12. b4 Ng6 13. Nb3 Kh8 14.
bxc5 dxc5 15. a4 a5 16. Bf1 Ba6 17. Nd2 Bd6 18. Ndb1 Rf8 19. Na3 Qe7 20. Nab5 Rad8 21. Rb1 Ne8 22. Bd3 Bxb5 23. Nxb5 Bb8 24. g3 Nd6 25.
Nxd6 Rxd6 26. Re2 Rf6 27. Bg5 Qd6 28. Bxf6 Qxf6 29. Reb2 Bc7 30. Bf1 Qg5 31. Bh3 h5 32.
d6 Bd8 33. Bf5 h4 34. Qg4 Qxg4 35. Bxg4 hxg3 36. hxg3 f6 37. Be6 Kh7 38. Kg2 Kh6 39.
Rh1+ Kg5 40. Rh7 1-0

[Event "*** Titled Tuesday Blitz"]
[Site "Chess.com"]
[Date "2020.11.24"]
[Round "4"]
[White "manipun1"]
[Black "RobPeresian"]
[Result "0-1"]
[WhiteElo "2248"]
[BlackElo "2447"]
[TimeControl "180+1"]
[EndTime "10:54:21 PST"]
[Termination "RobPeresian won by resignation"]

1. e4 e5 2. Nf3 Nc6 3. Bc4 Bc5 4. d3 Nf6 5. O-O d6 6. c3 a6 7. a4 Ba7 8. Nbd2 O-O 9. h3 h6 10. Re1 Re8 11. Nf1 Be6 12. Bxe6 Rxe6 13. Ng3 d5 14.
exd5 Qxd5 15. Ne4 Rd8 16. Be3 Bxe3 17. Rxe3 Nxe4 18. Rxe4 Qxd3 19. Qe1 f6 20. a5 Red6 21. b4 Qc2 22. Kh2 Rd1 23. Rxd1 Rxd1 24. Qe3 Rd3 25.
Qe1 Qxc3 26. Qb1 Rxf3 27. gxf3 Qxf3 28. Qe1 Nd4 29. Qe3 Qd1 30. Rg4 Nf3+ 31. Kg2 Ne1+ 32. Kh2 Nf3+ 33. Kg3 Ng5 34. Kg2 Qd5+ 35. Kh2 Kh7 36. h4 Ne6 37. h5 f5 38. Rg6 Nf4 39.
Qg3 Qf7 0-1